 Dungeon Crawl Stone Soup version 0.28-a0-8-g6e044cfa68 (webtiles) character file.

Game seed: 17460734853393145275

181 sizableburger the Gusty (level 5, -1/52 HPs)
             Began as a Human Air Elementalist on July 24, 2021.
             Was an Initiate of the Shining One.
             Slain by an orc (2 damage)
             ... on level 3 of the Dungeon.
             The game lasted 00:09:13 (3554 turns).

sizableburger the Gusty (Human Air Elementalist)    Turns: 3554, Time: 00:09:14

Health: -1/52      AC:  3    Str:  8    XL:     5   Next: 92%
Magic:  1/10       EV: 12    Int: 17    God:    the Shining One [......]
Gold:   104        SH:  5    Dex: 19    Spells: 4/10 levels left

rFire   . . .      SeeInvis .   d - +0 dagger (freeze)
rCold   . . .      Faith    .   (no shield)
rNeg    . . .      Spirit   .   a - +0 robe
rPois   .          Reflect  +   (no helmet)
rElec   .          Harm     .   f - +0 cloak
rCorr   .          Rampage  .   (no gloves)
Will    .....                   (no boots)
Stlth   ..........              g - amulet of reflection
HPRegen 0.17/turn               e - +6 ring of dexterity
MPRegen 0.12/turn               (no ring)

@: berserking, flying, glowing, very quick
A: no striking features
a: Renounce Religion


You were on level 3 of the Dungeon.
You worshipped the Shining One.
The Shining One was noncommittal.
You visited 1 branch of the dungeon, and saw 4 of its levels.

You collected 104 gold pieces.

Inventory:

Hand Weapons
 d - a +0 dagger of freezing (weapon)
Missiles
 h - 8 javelins
Armour
 a - a +0 robe (worn)
 f - a +0 cloak (worn)
Jewellery
 e - a +6 ring of dexterity (left hand)
 g - an amulet of reflection (around neck)
Scrolls
 c - a scroll of magic mapping
Potions
 j - a potion of haste {unknown}


   Skills:
 - Level 2.0 Dodging
 - Level 2.0 Stealth
 + Level 3.3 Spellcasting
 + Level 3.1 Conjurations
 + Level 4.2 Air Magic


You had 4 spell levels left.
You knew the following spells:

 Your Spells              Type           Power      Damage    Failure   Level
a - Shock                 Conj/Air       60%        1d6       3%          1
b - Static Discharge      Conj/Air       15%        N/A       5%          2
c - Swiftness             Air            17%        N/A       9%          3

Your spell library contained the following spells:

 Spells                   Type           Power      Damage    Failure   Level
 Airstrike                Air            8%         N/A       28%         4


Dungeon Overview and Level Annotations

Branches:
Dungeon (4/15)
 Temple: D:4-7

Altars:
Xom
The Shining One


Message History

The orc is heavily wounded.
The zap misses the orc.
The zap hits the gnoll.
The gnoll is almost dead.
A rat comes into view.
The gnoll hits you with a +0 whip.
You hit the gnoll but do no damage.
The gnoll is almost dead.
The gnoll hits you with a +0 whip.
Unknown command.
You closely miss the gnoll.
The gnoll is almost dead.
The gnoll barely misses you.
Unknown command.
You hit the gnoll but do no damage.
The gnoll is almost dead.
The gnoll misses you.
Unknown command.
You hit the gnoll but do no damage.
The gnoll is almost dead.
The gnoll hits you with a +0 whip.
Unknown command.
You aren't carrying any items that you can evoke.
It was a potion of flight.
You feel very buoyant.
You fly up into the air.
The gnoll hits you with a +0 whip!
* * * LOW HITPOINT WARNING * * *
It was a potion of berserk rage.
A red film seems to cover your vision as you go berserk!
You feel yourself moving faster!
You feel mighty! The gnoll hits you with a +0 whip!
* * * LOW HITPOINT WARNING * * *
You are too berserk!
You hit the gnoll. You freeze the gnoll.
You kill the gnoll!
You puncture the rat! You freeze the rat.
You kill the rat!
You barely miss the orc.
The orc is heavily wounded.
The orc hits you with a +0 short sword.
You die...

###########
.#........#
.#.######.#
.J.
.#......#.#
...
.#.########
#.# .. ......#
#.# .# .####.#
#######$# .#
(.....+
#.@o..#.# .#
.####<#
####J##.####g#
......#
#....)....>#.#
......##
##.#.[#.##.#$#
.#####.##
(..#go#.##...#
. #..# #.##
#..$.####...#
##.## # ##o###
...# #..# #.#
..... ##.# ?.#
...###


You could see an orc and an endoplasm.

Vanquished Creatures
  Crazy Yiuf (D:2)
  2 orc wizards (D:3)
  An adder (D:2)
  3 gnolls (D:3)
  4 orcs
  7 ball pythons
  A bat (D:3)
  5 endoplasms
  4 giant cockroaches
  5 goblins
  4 hobgoblins
  7 jackals
  3 kobolds
  4 quokkas
  4 frilled lizards
  7 rats
62 creatures vanquished.

Notes
Turn   | Place    | Note
-------+----------+-------------------------------------------
     0 | D:1      | sizableburger the Human Air Elementalist began the quest
                  | for the Orb.
     0 | D:1      | Reached XP level 1. HP: 13/13 MP: 3/3
   308 | D:1      | Reached XP level 2. HP: 19/19 MP: 5/5
   811 | D:1      | Found a faded altar of an unknown god.
  1295 | D:1      | Reached XP level 3. HP: 24/24 MP: 1/6
  1298 | D:1      | Learned a level 2 spell: Static Discharge
  1302 | D:1      | Learned a level 3 spell: Swiftness
  2122 | D:2      | Found a shimmering altar of Xom.
  2347 | D:2      | Reached XP level 4. HP: 30/30 MP: 7/7
  2574 | D:2      | Found a runed translucent door.
  2575 | D:2      | Noticed Crazy Yiuf
  2616 | D:2      | Killed Crazy Yiuf
  2970 | D:3      | Reached XP level 5. HP: 35/35 MP: 4/9
  3312 | D:4      | Reached skill level 4 in Air Magic
  3339 | D:4      | Found a glowing golden altar of the Shining One.
  3349 | D:4      | Became a worshipper of the Shining One
  3551 | D:3      | HP: 1/52 [gnoll (9)]
  3554 | D:3      | Slain by an orc

Illustrated notes

Levels and vault maps discovered:
D:1:      evilmike_arrival_fibonacci_small, layout_basic,
          ebering_ecumenical_altar_hall, serial_bayou_pond_e,
          kennysheep_crisscross
D:2:      layout_loops_ring, basic_altar, uniq_crazy_yiuf_cottage
D:3:      layout_basic, grunt_temple_overflow_bloody_war, kennysheep_ying_yang
D:4:      layout_loops_cross, lemuel_coloured_pillars_altar,
          mainiacjoe_overflow_six_doors_small, portal_sewer_entry_a,
          uniq_sigmund

Skill      XL: |  1  2  3  4  5 |
---------------+----------------+-----
Conjurations   | 2 3 |  3.1
Spellcasting   | 3 |  3.3
Air Magic      | 4 |  4.2
Dodging        | |  2.0
Stealth        | |  2.0

Action                   |  1- 3 |  4- 6 || total
-------------------------+-------+-------++-------
Melee: Dagger            |    57 |    31 ||    88
 Cast: Shock             |    43 |    32 ||    75
       Swiftness         |       |     1 ||     1
       Static Discharge  |       |     1 ||     1
  Use: Scroll            |     5 |       ||     5
       Potion            |       |     2 ||     2
 Stab: Sleeping          |     4 |       ||     4
Armor: Robe              |    15 |     9 ||    24
Dodge: Dodged            |    46 |    30 ||    76
Block: Other             |       |    12 ||    12

Table legend: (Time is in decaauts)
 A = Elapsed time spent in this place.
 B = Non-inter-level travel time spent in this place.
 C = Inter-level travel time spent in this place.
 D = Time resting spent in this place.
 E = Time spent auto-exploring this place.
 F = Levels seen in this place.
 G = Mean time per level.
                   A        B        C        D        E       F      G
               +--------+--------+--------+--------+--------+-----+--------+
         Total |   3550 |   3469 |     81 |   1243 |   1740 |   4 |  887.5 |
       Dungeon |   3550 |   3469 |     81 |   1243 |   1740 |   4 |  887.5 |
               +--------+--------+--------+--------+--------+-----+--------+

Top non-repeatable levels by time:
     D:2: 1530 daAuts
     D:1: 1335 daAuts
     D:4: 427 daAuts
     D:3: 256 daAuts
